 Dungeon Crawl Stone Soup version 0.31-a0-845-g9abc20d24f (webtiles) character file.

Game seed: 6641807274903251096

116259 Nattfarinn the Champion of Chaos (level 17, -2/119 HPs)
             Began as a Djinni Venom Mage on Oct 2, 2023.
             Was the Champion of Makhleb.
             Killed themself with a bounced bolt of lightning (11 damage)
             ... on level 1 of the Spider Nest.
             The game lasted 01:31:27 (32730 turns).

Nattfarinn the Champion of Chaos (DjVM)            Turns: 32730, Time: 01:31:27

Health: -2/119     AC: 18    Str:  7 (8)  XL:     17   Next: 25%
Gold:   2177       EV: 10    Int: 24      God:    Makhleb [******] SH:  0 Dex: 13 (15)

rFire   + + +        S - +6 glaive "Nihudd" {speed, rElec rC+ Str-5 SInv}
rCold   . . .        (shield currently unavailable)
rNeg    . . .        I - +3 scale mail {Will+}
rPois   ∞            w - +0 helmet
rElec   +            U - +0 cloak
rCorr   .            H - +2 pair of gloves
SInv    +            (boots unavailable)
Will    ++...        (no amulet) Stlth
                     L - ring of the Mage {Wiz Archmagi}
HPRegen 0.39/turn    p - ring of Doubts {rElec rF+ Int+6}
MPRegen 0.00/turn

%: wizardry (x1), archmagi, infuse magic (-3 HP)
@: flying, glowing
A: sickness immunity, fire resistance 2, cold vulnerability 1, float, innate
caster, HP casting, extra vitality 1
a: Renounce Religion, Minor Destruction, Lesser Servant of Makhleb, Major
Destruction, Greater Servant of Makhleb


You were on level 1 of the Spider Nest.
You worshipped Makhleb.
Makhleb was exalted by your worship.
You visited 5 branches of the dungeon, and saw 24 of its levels.
You also visited: Bailey.

You collected 2814 gold pieces.
You spent 637 gold pieces at shops.

Inventory:

Hand Weapons
 C - a +9 spear
 G - the +7 halberd of Oozing Pus {venom, rCorr Str+3}
   (You found it on level 11 of the Dungeon)

   Str+3:     It affects your strength (+3).
   rCorr:     It protects you from acid and corrosion.
 S - the +6 glaive "Nihudd" (weapon) {speed, rElec rC+ Str-5 SInv}
   (You acquired it on level 2 of the Lair of Beasts)

   Str-5:     It affects your strength (-5).
   rC+:       It protects you from cold.
   rElec:     It insulates you from electricity.
   SInv:      It lets you see invisible.
Missiles
 z - 3 throwing nets
Armour
 w - a +0 helmet (worn)
 H - a +2 pair of gloves (worn)
 I - a +3 scale mail of willpower (worn)
 U - a +0 cloak (worn)
Jewellery
 a - a +6 ring of intelligence
 f - a +4 ring of protection
 o - a ring of willpower
 p - the ring of Doubts (right hand) {rElec rF+ Int+6}
   (You found it on level 2 of the Dungeon)

   [ring of intelligence]

   Int+6:     It affects your intelligence (+6).
   rF+:       It protects you from fire.
   rElec:     It insulates you from electricity.
 q - a +4 ring of slaying
 x - a ring of positive energy
 L - the ring of the Mage (left hand) {Wiz Archmagi}
   (You acquired it on level 1 of the Lair of Beasts)

   [ring of wizardry]

   Wiz:       It improves your spell success rate.
   Archmagi:  It increases the power of your magical spells.
 P - a ring of protection from cold
Talismans
 k - a granite talisman
 W - a dragon-blood talisman
Wands
 h - a wand of flame (53)
 r - a wand of paralysis (16)
 y - a wand of polymorph (15)
 T - a wand of mindburst (28)
 Z - a wand of roots (14)
Scrolls
 c - 2 scrolls of fear
 e - 6 scrolls of poison
 i - 16 scrolls of teleportation
 j - 7 scrolls of fog
 l - 3 scrolls of vulnerability
 s - 4 scrolls of identify
 A - 5 scrolls of revelation
 K - 2 scrolls of immolation
 M - 2 scrolls of summoning
 Q - a scroll of torment
 R - a scroll of blinking
 V - a scroll of silence
Potions
 b - a potion of invisibility
 d - 4 potions of berserk rage
 g - a potion of might
 m - a potion of attraction
 n - 4 potions of mutation
 t - 4 potions of resistance
 u - 2 potions of magic
 v - 5 potions of curing
 B - 3 potions of enlightenment
 D - 2 potions of lignification
 E - 6 potions of brilliance {unknown}
 J - 5 potions of heal wounds
 N - 4 potions of haste {unknown}
 Y - 2 potions of ambrosia {unknown}
Miscellaneous
 F - a phial of floods
 O - a tin of tremorstones (2/2)


   Skills:
 - Level 10.3 Fighting
 - Level 11.1 Polearms
 - Level 10.2 Armour
 - Level 8.3 Dodging
 - Level 1.5 Stealth
 - Level 12.0 Spellcasting
 - Level 12.0 Conjurations
 - Level 12.0 Hexes
 - Level 12.0 Summonings
 - Level 12.0 Necromancy
 - Level 12.0 Translocations
 - Level 12.0 Transmutations
 - Level 12.0 Fire Magic
 - Level 12.0 Ice Magic
 - Level 12.0 Air Magic
 - Level 12.0 Earth Magic
 - Level 12.0 Poison Magic
 - Level 12.3 Invocations
 - Level 7.7 Evocations
 + Level 4.3 Shapeshifting


You knew the following spells:

 Your Spells              Type           Power      Damage    Failure   Level
a - Sting                 Tmut/Pois      100%       1d8       1%          1
b - Poisonous Vapours     Pois/Air       100%       N/A       1%          2
c - Mephitic Cloud        Conj/Pois/Air  83%        N/A       1%          3
d - Olgreb's Toxic Radia  Pois           83%        N/A       1%          4
e - Slow                  Hex            100%       N/A       1%          1
f - Lesser Beckoning      Tloc           100%       N/A       1%          2
g - Teleport Other        Tloc           83%        N/A       1%          3
h - Iskenderun's Mystic   Conj/Tloc      83%        2d16      1%          4
i - Passage of Golubria   Tloc           83%        N/A       1%          4
j - Agony                 Necr           83%        N/A       2%          5
k - Summon Cactus Giant   Summ           41%        N/A       14%         6
l - Starburst             Conj/Fire      41%        6d12      14%         6
Your spell library was empty.

Dungeon Overview and Level Annotations

Branches:
Dungeon (15/15)            Temple (1/1) D:5            Lair (5/5) D:9
  Swamp (0/4) Lair:2       Spider (1/4) Lair:2        Slime (0/5) Lair:4
    Orc (2/2) D:11            Elf (0/3) Orc:2        Vaults (0/5) D:14
 Depths (0/4) D:15         Bailey (visited)

Altars:
Ashenzari
Cheibriados
Dithmenos
Elyvilon
Fedhas
Gozag
Hepliaklqana
Makhleb
Nemelex Xobeh
Okawaru
Qazlal
Ru
Trog
Uskayaw
Wu Jian
Xom
Yredelemnul
Zin
The Shining One

Shops:
D:13 *[   Orc:1 =   Orc:2 ?*[[

Annotations:
D:4 3 runed translucent doors, Nr616's ghost, novice GnSh
D:15 2 transporters, kush's ghost, adept VSBe
Lair:1 exclusion: 2 oklob plants


Innate Abilities, Weirdness & Mutations

You are immune to sickness and miasma.
You are immune to poison.
Your flesh is very heat resistant. (rF++)
You are vulnerable to cold. (rC-)
You float through the air rather than walking.
You learn spells naturally, not from books.
Your magical power is your life essence.
You have superior vitality. (+4 MHP)


Message History

You start resting.
Your magical contamination has completely faded away.
You start resting.
A sun moth comes into view.
You feel a surge of power!
Poisonous vapours surround the sun moth!
The sun moth is poisoned.
The sun moth throws energy at you. The bolt of energy misses you.
You feel a surge of power!
Poisonous vapours surround the sun moth!
The sun moth looks as sick as possible!
You reach to attack!
You hit the sun moth but do no damage.
The sun moth is lightly wounded.
You slice the sun moth!!
The sun moth is moderately wounded.
The sun moth bites you but does no damage.
Casting: Poisonous Vapours (safe; 1% risk of failure)
Confirm with . or Enter, or press ? or * to list all spells.
You feel a surge of power!
You erupt in a blast of force!
The mystic blast hits the sun moth!
The sun moth is heavily wounded.
The sun moth is knocked back by the mystic blast.
The sun moth slams into the rock wall!
You feel a surge of power!
Poisonous vapours surround the sun moth!
The sun moth looks as sick as possible!
The sun moth throws energy at you. The bolt of energy hits you!!!
* * * LOW HITPOINT WARNING * * *
Unknown command.
Aiming: Major Destruction (1% risk of failure)
Press: ? - help, Shift-Dir - straight line, f/p - sun moth
Aim: a sun moth (heavily wounded, extremely poisoned, haloed)
The bolt of lightning misses the sun moth.
The bolt of lightning hits the sun moth.
The sun moth resists.
The sun moth is heavily wounded.
The bolt of lightning hits you! You resist.
You die...

............###
#....##.##.(...#
#......#..#..#.#
#..#.......#...#
..#.#..#..#.#..#
#....#.#..(.#.#
#....(..#....(#
..##.....###..#
#...#)y@#...#.#
#....#†##...#/#
..#.#.... .#..
......#.. #. ..
....#.. ... .. .
....## ##.. .# #
#. ... # ...


You could see a sun moth (extremely poisoned).

Vanquished Creatures
  Rupert (Lair:3)
  A ghost moth (Spider:1)
  An orc warlord (Bailey)
  An ironbound preserver (D:14)
  Snorg (Orc:2)
  An entropy weaver (Spider:1)
  Harold (D:10)
  6 hydras
  A jorogumo (Spider:1)
  5 centaur warriors
  3 boulder beetles
  3 radroaches (Spider:1)
  A two-headed ogre (D:13)
  7 death yaks
  A demonic crawler (Lair:2)
  7 orc high priests (Orc:2)
  A naga sharpshooter (D:13)
  A shock serpent (D:13)
  Nergalle (D:10)
  A sun moth (Spider:1)
  4 skysharks
  4 lindwurms (D:11)
  2 bog bodies (Lair:2)
  2 orc knights
  4 nameless horrors
  Pikel (D:4)
  A deep elf pyromancer (D:14)
  2 wolf spiders
  8 ugly things
  A necromancer (D:15)
  2 tengu skeletons (D:15)
  4 manticores
  2 cyclopes
  A guardian serpent (Lair:5)
  20 elephants
  10 black mambas
  A torpor snail (Lair:4)
  16 cane toads
  2 unseen horrors
  A gargoyle (D:11)
  2 efreet
  A spriggan zombie (D:15)
  2 rime drakes (Lair:5)
  15 komodo dragons
  A yaktaur (D:15)
  2 tengu conjurers
  3 polar bears
  13 blink frogs
  2 trolls
  Grinder (D:6)
  6 hornets
  A dream sheep (Lair:4)
  3 jumping spiders (Spider:1)
  10 slime creatures
  12 spriggans (Lair:3)
  A culicivora (Spider:1)
  A shadow (D:10)
  11 wyverns
  2 wraiths (D:10)
  2 basilisks
  2 steam dragons
  59 yaks
  3 vampire mosquitoes (D:12)
  10 redbacks
  Menkaure (D:7)
  10 wargs
  A swamp worm (Lair:2)
  25 water moccasins
  A floating eye (Lair:1)
  12 orc warriors
  An ice beast (D:6)
  7 black bears
  4 centaurs
  6 ogres
  3 boggarts (Lair:3)
  4 wolves (Lair:4)
  2 lemures (D:4)
  A phantom (D:4)
  2 kobold brigands (D:10)
  15 bullfrogs
  A gnoll sergeant (D:7)
  A scorpion (D:5)
  13 wights
  15 killer bees
  6 electric eels
  8 howler monkeys
  8 jellies
  3 hounds (D:5)
  30 orc priests
  3 iguanas
  8 orc wizards
  The ghost of qipq the Ducker, a weakling FeFi (D:3)
  9 gnolls
  8 adders
  A white imp (D:7)
  An ufetubus (D:6)
  A worm (D:2)
  3 dart slugs
  69 orcs
  9 bats
  8 endoplasms
  5 giant cockroaches
  14 goblins
  4 hobgoblins
  2 jackals (D:2)
  21 kobolds
  3 quokkas
  3 ball pythons
  4 frilled lizards
  5 rats
660 creatures vanquished.

Vanquished Creatures (collateral kills)
  A boulder beetle (Lair:4)
  A death yak (Lair:4)
  A vampire mage (D:15)
  2 skeletal warriors (D:15)
  A fire crab (Lair:4)
  A manticore (D:14)
  2 cyclopes
  A stone giant zombie (D:15)
  3 ugly things (D:14)
  A black mamba (Lair:5)
  2 cane toads (Lair:4)
  A torpor snail (Lair:4)
  A komodo dragon (Lair:4)
  An efreet (D:15)
  10 slime creatures
  2 wyverns (Lair:4)
  2 nameless horrors
  2 yaks (Lair:4)
  2 water moccasins (Lair:4)
  A bullfrog (Lair:4)
38 creatures vanquished.

Grand Total: 698 creatures vanquished

Notes
Turn   | Place    | Note
-------+----------+-------------------------------------------
     0 | D:1      | Nattfarinn the Djinni Venom Mage began the quest for the
                  | Orb.
     0 | D:1      | Nattfarinn set off with the following spells memorised:
                  | Sting, Poisonous Vapours, Mephitic Cloud, Olgreb's Toxic
                  | Radiance.
     0 | D:1      | Reached XP level 1. HP: 15/15 MP: 0/0
   133 | D:1      | Reached XP level 2. HP: 8/21 MP: 0/0
   959 | D:1      | Reached XP level 3. HP: 23/25 MP: 0/0
   959 | D:1      | Learned a level 1 spell: Slow
  1430 | D:2      | Found a faded altar of an unknown god.
  1614 | D:2      | Reached XP level 4. HP: 28/31 MP: 0/0
  1902 | D:2      | Identified the ring of Doubts {rElec rF+ Int+6}
  2246 | D:3      | Found a hazy altar of Hepliaklqana.
  2299 | D:3      | Found a runed translucent gate.
  2303 | D:3      | Found a runed translucent gate.
  2304 | D:3      | Found a runed translucent gate.
  2312 | D:3      | Noticed qipq's ghost (weakling FeFi)
  2409 | D:3      | Reached XP level 5. HP: 22/35 MP: 0/0
  2409 | D:3      | Learned a level 2 spell: Lesser Beckoning
  2629 | D:3      | Found a sacrificial altar of Ru.
  3122 | D:4      | Noticed a phantom
  3147 | D:4      | Noticed a lemure
  3150 | D:4      | Noticed a lemure
  3151 | D:4      | Killed a phantom
  3152 | D:4      | Reached skill level 5 in Spellcasting
  3152 | D:4      | Reached skill level 5 in Conjurations
  3152 | D:4      | Reached skill level 5 in Hexes
  3152 | D:4      | Reached skill level 5 in Summonings
  3152 | D:4      | Reached skill level 5 in Necromancy
  3152 | D:4      | Reached skill level 5 in Translocations
  3152 | D:4      | Reached skill level 5 in Transmutations
  3152 | D:4      | Reached skill level 5 in Fire Magic
  3152 | D:4      | Reached skill level 5 in Ice Magic
  3152 | D:4      | Reached skill level 5 in Air Magic
  3152 | D:4      | Reached skill level 5 in Earth Magic
  3152 | D:4      | Reached skill level 5 in Poison Magic
  3152 | D:4      | Reached XP level 6. HP: 24/40 MP: 0/0
  3309 | D:4      | Noticed a black bear
  3317 | D:4      | Killed a black bear
  3422 | D:4      | Found a bloodstained altar of Trog.
  3484 | D:4      | Noticed Pikel
  3497 | D:4      | Killed Pikel
  3498 | D:4      | Reached XP level 7. HP: 19/45 MP: 0/0
  3498 | D:4      | Learned a level 3 spell: Teleport Other
  3498 | D:4      | Reached XP level 8. HP: 21/50 MP: 0/0
  3918 | D:4      | Found a runed translucent gate.
  3918 | D:4      | Found a runed translucent gate.
  3918 | D:4      | Found a runed translucent gate.
  4167 | D:4      | Noticed Nr616's ghost (novice GnSh)
  4337 | D:5      | Entered Level 5 of the Dungeon
  4508 | D:5      | Found a staircase to the Ecumenical Temple.
  4576 | D:5      | Found a stormy altar of Qazlal.
  4617 | Temple   | Entered the Ecumenical Temple
  4626 | Temple   | Became a worshipper of Makhleb the Destroyer
  5225 | D:6      | Reached skill level 1 in Fighting
  5614 | D:6      | Reached XP level 9. HP: 50/61 MP: 0/0
  5614 | D:6      | Learned a level 4 spell: Iskenderun's Mystic Blast
  6107 | D:6      | Noticed Grinder
  6402 | D:6      | Killed Grinder
  6403 | D:6      | Reached skill level 5 in Fighting
  6713 | D:7      | Found a hide-covered altar of Uskayaw.
  6729 | D:7      | Noticed a hornet
  6733 | D:7      | Killed a hornet
  6739 | D:7      | Reached * piety under Makhleb
  6894 | D:7      | Noticed Menkaure
  6899 | D:7      | Killed Menkaure
  7175 | D:7      | Noticed a torpor snail
  7178 | D:7      | Found a snail-covered altar of Cheibriados.
  7178 | D:7      | Noticed a torpor snail
  7181 | D:7      | Noticed a torpor snail
  7486 | D:7      | Reached XP level 10. HP: 49/76 MP: 0/0
  7994 | D:8      | Reached skill level 1 in Armour
  8229 | D:8      | You are sucked into a shaft and drop 2 floors!
  8229 | D:10     | Entered Level 10 of the Dungeon
  8268 | D:10     | Noticed Nergalle
  8280 | D:10     | Killed Nergalle
  8280 | D:10     | Reached ** piety under Makhleb
  8485 | D:10     | Killed an unseen horror
  8486 | D:10     | Reached skill level 5 in Armour
  8831 | D:10     | Reached skill level 5 in Dodging
  9192 | D:10     | Noticed Harold
  9205 | D:10     | Killed Harold
  9206 | D:10     | Reached XP level 11. HP: 66/84 MP: 0/0
  9206 | D:10     | Learned a level 4 spell: Passage of Golubria
  9337 | D:10     | Found a glowing silver altar of Zin.
  9341 | D:10     | Found Zin's Purification Station.
  9349 | D:10     | Bought a potion of curing for 90 gold pieces
 10425 | D:11     | Found a staircase to the Orcish Mines.
 10494 | D:11     | Noticed a lindwurm
 10494 | D:11     | Noticed a lindwurm
 10497 | D:11     | Noticed a lindwurm
 10501 | D:11     | Noticed a lindwurm
 10508 | D:11     | Killed a lindwurm
 10509 | D:11     | Killed a lindwurm
 10511 | D:11     | Killed a lindwurm
 10518 | D:11     | Killed a lindwurm
 10588 | D:11     | Identified the +7 halberd of Oozing Pus {venom, rCorr
                  | Str+3}
 10762 | D:11     | Noticed a cyclops
 10775 | D:11     | Killed a cyclops
 11200 | D:9      | Found a flagged portal.
 11210 | Bailey   | Entered a bailey
 11215 | Bailey   | Noticed an orc warlord
 11238 | Bailey   | Reached *** piety under Makhleb
 11392 | Bailey   | Found a runed translucent gate.
 11395 | Bailey   | Found a runed translucent gate.
 11397 | Bailey   | Found a runed translucent gate.
 11604 | Bailey   | Killed an orc warlord
 11605 | Bailey   | Reached skill level 10 in Armour
 11605 | Bailey   | Reached XP level 12. HP: 59/89 MP: 0/0
 11736 | Bailey   | Reached skill level 10 in Spellcasting
 11736 | Bailey   | Reached skill level 10 in Conjurations
 11736 | Bailey   | Reached skill level 10 in Hexes
 11736 | Bailey   | Reached skill level 10 in Summonings
 11736 | Bailey   | Reached skill level 10 in Necromancy
 11736 | Bailey   | Reached skill level 10 in Translocations
 11736 | Bailey   | Reached skill level 10 in Transmutations
 11736 | Bailey   | Reached skill level 10 in Fire Magic
 11736 | Bailey   | Reached skill level 10 in Ice Magic
 11736 | Bailey   | Reached skill level 10 in Air Magic
 11736 | Bailey   | Reached skill level 10 in Earth Magic
 11736 | Bailey   | Reached skill level 10 in Poison Magic
 11736 | Bailey   | Reached XP level 13. HP: 94/94 MP: 0/0
 11736 | Bailey   | Learned a level 5 spell: Agony
 11918 | D:9      | Found a staircase to the Lair.
 11936 | D:9      | Reached skill level 1 in Polearms
 12205 | D:9      | Found the amulet of Elemental Vulnerability {rPois rF--
                  | rC-- AC+8}
 12922 | D:8      | Found Leodoet's Distillery.
 13706 | Lair:1   | Entered Level 1 of the Lair of Beasts
 14037 | Lair:1   | Identified a scroll of acquirement
 14038 | Lair:1   | Acquired the ring of the Mage {Wiz Archmagi}
 14038 | Lair:1   | Found the ring of the Mage {Wiz Archmagi}
 14393 | Lair:1   | Paralysed by a floating eye for 4 turns
 14560 | Lair:1   | Reached skill level 5 in Polearms
 14918 | Lair:2   | Reached **** piety under Makhleb
 15145 | Lair:2   | Found a staircase to the Swamp.
 15366 | Lair:2   | Found a hole to the Spider Nest.
 15570 | Lair:2   | Acquired the +6 glaive "Nihudd" {speed, rElec rC+ Str-5
                  | SInv}
 15629 | Lair:2   | HP: 3/94 [boulder beetle (14)]
 16468 | Lair:2   | Noticed a six-headed hydra
 16474 | Lair:2   | Killed a six-headed hydra
 16791 | D:3      | Killed qipq's ghost
 17385 | Lair:3   | Reached XP level 14. HP: 83/101 MP: 0/0
 17548 | Lair:3   | Reached ***** piety under Makhleb
 18055 | Lair:3   | Noticed Rupert
 18068 | Lair:3   | Killed Rupert
 18069 | Lair:3   | Reached skill level 10 in Polearms
 18769 | Lair:4   | Reached skill level 1 in Invocations
 18789 | Lair:4   | Reached skill level 5 in Invocations
 18947 | Lair:4   | Found a staircase to the Slime Pits.
 19318 | Lair:4   | Reached XP level 15. HP: 60/105 MP: 0/0
 19318 | Lair:4   | Learned a level 6 spell: Summon Cactus Giant
 19923 | Lair:4   | Reached ****** piety under Makhleb
 20876 | Lair:5   | Entered Level 5 of the Lair of Beasts
 20942 | Lair:4   | Reached skill level 10 in Invocations
 22476 | Lair:5   | Reached skill level 10 in Fighting
 22876 | Lair:5   | Reached XP level 16. HP: 72/113 MP: 0/0
 23351 | Orc:1    | Entered Level 1 of the Orcish Mines
 23552 | Orc:1    | Found a runed translucent door.
 23630 | Orc:1    | Found Exuasah's Jewellery Emporium.
 24061 | Orc:2    | Entered Level 2 of the Orcish Mines
 24285 | Orc:2    | Noticed Snorg
 24299 | Orc:2    | Killed Snorg
 25357 | Orc:2    | Found Tanac's General Store.
 25357 | Orc:2    | Found Ywudoth's Magic Scroll Emporium.
 25362 | Orc:2    | Bought a potion of heal wounds for 60 gold pieces
 25371 | Orc:2    | Bought a scroll of identify for 26 gold pieces
 25371 | Orc:2    | Bought a scroll of identify for 26 gold pieces
 25371 | Orc:2    | Bought a scroll of identify for 26 gold pieces
 25371 | Orc:2    | Bought a scroll of identify for 26 gold pieces
 25371 | Orc:2    | Bought a scroll of torment for 123 gold pieces
 25371 | Orc:2    | Bought a scroll of identify for 26 gold pieces
 25551 | Orc:2    | Found Fufock's Antique Armour Shop.
 25551 | Orc:2    | Found Qumimuz's Armour Emporium.
 25639 | Orc:2    | Found a staircase to the Elven Halls.
 25826 | Orc:2    | Bought a heavily runed scale mail for 234 gold pieces
 25826 | Orc:2    | Identified the +1 scale mail "Ikhykh" {+Blink rC+ Stlth+}
                  | (You bought it in a shop on level 2 of the Orcish Mines)
 27383 | D:13     | Found Bumab's Antique Armour Shop.
 27561 | D:13     | Found Camel's Serpentskin Sales.
 28566 | D:14     | Reached skill level 1 in Evocations
 29113 | D:14     | Found a gate to the Vaults.
 29155 | D:14     | Reached skill level 5 in Evocations
 30623 | D:15     | Entered Level 15 of the Dungeon
 30647 | D:15     | Identified the +1 sling of the Present {antimagic, rPois
                  | rF+ Str+3}
 30661 | D:15     | Noticed kush's ghost (adept VSBe)
 30669 | D:15     | Found a transporter.
 30880 | D:15     | Found a staircase to the Depths.
 31206 | D:15     | Found a transporter.
 31221 | D:15     | Reached XP level 17. HP: 92/119 MP: 0/0
 31221 | D:15     | Learned a level 6 spell: Starburst
 31515 | D:15     | Reached skill level 1 in Shapeshifting
 32083 | Spider:1 | Entered Level 1 of the Spider Nest
 32730 | Spider:1 | Killed themself with a bounced bolt of lightning

Illustrated notes

Levels and vault maps discovered:
D:1:      minmay_arrival_radiant_lines, layout_loops_corners, minivault_24
D:2:      layout_loops_ring, dreamdust_ecumenical_altar_grove, corner_web_ring
D:3:      layout_basic, worldfamousw_hep_ancestral_shrine, marbit_many_paths,
          gammafunk_ghost_split
D:4:      layout_basic, trog_three_pillars_becter, gammafunk_ghost_icy,
          uniq_pikel
D:5:      layout_basic, mainiacjoe_overflow_tiny_flanked,
          minmay_temple_entry_statues_fountains
D:6:      layout_basic, uniq_grinder
D:7:      layout_cave_pods, nicolae_uskayaw_murder_on_the_dancefloor,
          cheibriados_altar_2, uniq_menkaure
D:8:      hellmonk_destroyed_diamonds, layout_layer_cave,
          nicolae_overflow_crystal_walls, mainiacjoe_overflow_small_starburst,
          nicolae_take_the_stairs, hangedman_decor_clover_reticule,
          chequers_serial_rivers_small_3
D:9:      layout_roguey, david_lair_shrubbed, enter_bailey_3
D:10:     minmay_skewed_foursquare, layout_loops_cross, zin_purify, uniq_harold,
          uniq_nergalle
D:11:     layout_basic, orc_0_dummy, minmay_lindwurm_lava
D:12:     layout_irregular_city
D:13:     layout_loops_corners, serial_shops, nicolae_lakefront_shop,
          guppyfry_shop_venom
D:14:     layout_roguey, skrybe_vaults_entry_preservation, nrook_uturn
D:15:     gammafunk_depths_entry_grave, layout_basic,
          gammafunk_ghost_stat_death, grunt_decor_arrowhead
Temple:   dshaligram_water_room_temple
Lair:1:   layout_concentric_octagons, disabler_island
Lair:2:   cheibrodos_lair_river_kwai, layout_chaotic_city,
          nicolae_swamp_entry_splash_gauntlet, spider_nest_entry_webs,
          serial_rivers, chequers_serial_rivers_small_a,
          chequers_serial_rivers_small_b, chequers_serial_rivers_micro_b,
          chequers_serial_rivers_micro_c, grunt_megastairs_2
Lair:3:   kb_forest_paths, layout_gridlike, beast_lair_carwin_1, uniq_rupert
Lair:4:   nzn_winding_woodlands_medium [nzn_winding_woodlands_5x5_cross,
          nzn_winding_woodlands_5x15_twine, nzn_winding_woodlands_5x5_open_star,
          nzn_winding_woodlands_5x5_three,
          nzn_winding_woodlands_center_pierced_h,
          nzn_winding_woodlands_hourglass, nzn_winding_woodlands_5x5_perimeter,
          nzn_winding_woodlands_5x15_zeroes,
          nzn_winding_woodlands_5x5_checkerboard], layout_gridlike,
          nicolae_slime_entry_slimehenge
Lair:5:   hangedman_lair_tendril_chambers, layout_cave_shapes,
          serial_bayou_lagoon_b
Spider:1: layout_spider_delve, nicolae_spider_solar_radiation
Orc:1:    layout_caves, serial_shops, nicolae_shop_hallway_stairs,
          lightli_church_of_beogh
Orc:2:    st_orc_town, layout_caves, uniq_snorg

Skill      XL: |  1  2  3  4  5  6  7  8  9 10 11 12 13 14 15 16 17 |
---------------+----------------------------------------------------+-----
Spellcasting   | 4 5 7 8 10 12 | 12.0
Conjurations   | 4 5 7 8 10 12 | 12.0
Hexes          | 4 5 7 8 10 12 | 12.0
Summonings     | 4 5 7 8 10 12 | 12.0
Necromancy     | 4 5 7 8 10 12 | 12.0
Translocations | 4 5 7 8 10 12 | 12.0
Transmutations | 4 5 7 8 10 12 | 12.0
Fire Magic     | 4 5 7 8 10 12 | 12.0
Ice Magic      | 4 5 7 8 10 12 | 12.0
Air Magic      | 4 5 7 8 10 12 | 12.0
Earth Magic    | 4 5 7 8 10 12 | 12.0
Poison Magic   | 4 5 7 8 10 12 | 12.0
Fighting       | 3 8 9 10 | 10.3
Armour         | 6 10 | 10.2
Dodging        | 5 8 |  8.3
Polearms       | 9 11 | 11.1
Invocations    | 7 12 | 12.3
Evocations     | 7 |  7.7
Shapeshifting  | 4 |  4.3
Stealth        | |  1.5

Action                     |  1- 3 |  4- 6 |  7- 9 | 10-12 | 13-15 | 16-18 || total
---------------------------+-------+-------+-------+-------+-------+-------++-------
  Melee: Staff             |       |     3 |       |       |       |       ||     3
         Whip              |       |    33 |     2 |    20 |    10 |       ||    65
         Glaive            |       |       |       |       |   369 |   470 ||   839
         Halberd           |       |       |       |       |    19 |       ||    19
   Cast: Sting             |    56 |    70 |   119 |    27 |    16 |       ||   288
         Olgreb's Toxic Ra |       |     5 |    13 |    37 |    77 |    46 ||   178
         Mephitic Cloud    |       |     3 |     3 |     7 |     2 |     5 ||    20
         Iskenderun's Myst |       |       |    15 |    61 |   214 |    65 ||   355
         Poisonous Vapours |       |       |     6 |    16 |    55 |    87 ||   164
         Slow              |       |       |     3 |       |       |       ||     3
         Teleport Other    |       |       |     1 |       |       |       ||     1
         Summon Cactus Gia |       |       |       |       |    13 |    28 ||    41
         Starburst         |       |       |       |       |       |     2 ||     2
 Invoke: Major Destruction |       |       |       |       |       |     1 ||     1
    Use: Scroll            |     2 |       |     8 |     5 |     9 |    11 ||    35
         Potion            |       |       |     3 |     1 |     3 |       ||     7
   Stab: Distracted        |       |       |       |       |       |     1 ||     1
         Confused          |       |       |       |       |       |     1 ||     1
 Armour: Robe              |    12 |    42 |    62 |    29 |       |       ||   145
         Scale mail        |       |       |       |    16 |   369 |   366 ||   751
  Dodge: Dodged            |    20 |    32 |    50 |    38 |   204 |   171 ||   515

Table legend: (Time is in decaauts)
 A = Elapsed time spent in this place.
 B = Non-inter-level travel time spent in this place.
 C = Inter-level travel time spent in this place.
 D = Time resting spent in this place.
 E = Time spent auto-exploring this place.
 F = Levels seen in this place.
 G = Mean time per level.
                   A        B        C        D        E       F      G
               +--------+--------+--------+--------+--------+-----+--------+
         Total |  32586 |  29736 |   2850 |   4702 |  21115 |  25 | 1303.4 |
       Dungeon |  19841 |  17705 |   2136 |   2399 |  13222 |  15 | 1322.7 |
        Temple |     18 |      2 |     16 |      0 |      0 |   1 |   18.0 |
          Lair |   9385 |   8943 |    442 |   1651 |   6099 |   5 | 1877.0 |
   Spider Nest |    201 |    201 |      0 |     78 |     42 |   1 |  201.0 |
  Orcish Mines |   2604 |   2350 |    254 |    568 |   1386 |   2 | 1302.0 |
        Bailey |    535 |    535 |      0 |      6 |    366 |   1 |  535.0 |
               +--------+--------+--------+--------+--------+-----+--------+

Top non-repeatable levels by time:
  Lair:4: 2740 daAuts
  Lair:2: 2073 daAuts
    D:13: 1951 daAuts
    D:14: 1780 daAuts
  Lair:5: 1639 daAuts
    D:11: 1618 daAuts
     D:8: 1539 daAuts
   Orc:2: 1514 daAuts
  Lair:1: 1499 daAuts
     D:6: 1460 daAuts
    D:10: 1433 daAuts
  Lair:3: 1432 daAuts
     D:1: 1423 daAuts
     D:7: 1286 daAuts
    D:15: 1171 daAuts
